 Dungeon Crawl Stone Soup version 0.20-a0-517-g5f97612 (webtiles) character file.

27050 kuniqs the Fighter (level 13, -3/78 HPs)
             Began as a Gargoyle Berserker on Jan 24, 2017.
             Was a High Priest of Trog.
             Slain by an ice devil (10 damage)
             ... summoned by an orc sorcerer
             ... while paralysed by an orc sorcerer
             ... on level 2 of the Orcish Mines on Jan 25, 2017.
             The game lasted 00:33:16 (13831 turns).

kuniqs the Fighter (Gargoyle Berserker)            Turns: 13831, Time: 00:33:17

Health: -3/78      AC: 25    Str: 21    XL:     13   Next: 29%
Magic:  13/13      EV:  2    Int: 11    God:    Trog [*****.]
Gold:   1316       SH:  0    Dex: 13    Spells: 12/12 levels left

rFire    + + .     SeeInvis .   O - +1 war axe
rCold    . . .     Gourm    .   B - +3 chain mail {rF+}
rNeg     + . .     Faith    .   (no shield)
rPois    ∞         Spirit   .   w - +0 helmet
rElec    +         Reflect  .   (no cloak)
rCorr    .         Harm     .   (no gloves)
MR       +....                  (no boots)
Stlth    ..........             (no amulet)
Regen    0.7/turn               q - ring of protection from magic
                                h - ring of protection from fire

@: paralysed, drained
A: clever 1, frail 1, negative energy resistance 1, regeneration 1, electricity
resistance, unbreathing, petrification resistance, rot immunity, AC +9
a: Berserk, Trog's Hand, Brothers in Arms, Burn Spellbooks, Renounce Religion


You were on level 2 of the Orcish Mines.
You worshipped Trog.
Trog was extremely pleased with you.
You were not hungry.

You visited 3 branches of the dungeon, and saw 18 of its levels.

You collected 1465 gold pieces.
You spent 149 gold pieces at shops.

Inventory:

Hand Weapons
 s - a +3 scimitar of flaming
 M - a +0 battleaxe
 O - a +1 war axe (weapon)
Armour
 w - a +0 helmet (worn)
 B - a +3 chain mail of fire resistance (worn)
 N - a +0 plate armour of cold resistance
Jewellery
 h - a ring of protection from fire (left hand)
 q - a ring of protection from magic (right hand)
Wands
 o - a wand of digging (14/24)
 r - a wand of iceblast (4/15)
 x - a wand of lightning (6/15)
 K - a wand of confusion (23/48)
Scrolls
 b - 2 scrolls of fog
 i - 3 scrolls of remove curse {@r2}
 j - 5 scrolls of enchant armour
 l - a scroll of recharging
 p - 2 scrolls of teleportation
 t - a scroll of brand weapon
 u - a scroll of immolation
 y - a scroll of blinking
 A - a scroll of summoning {unknown}
 E - a scroll of magic mapping {unknown}
 F - 2 scrolls of noise {unknown}
 G - a scroll of random uselessness {unknown}
 J - 2 scrolls of vulnerability {unknown}
 L - a scroll of fear {unknown}
Potions
 c - 3 potions of might
 g - a potion of agility
 m - 3 potions of ambrosia
 n - a potion of heal wounds
 v - a potion of curing {@q1}
 z - a potion of invisibility
 D - a potion of flight
Books
 C - a book of Misfortune

   Spells                             Type                      Level
   a - Confusing Touch                Hexes                        1
   b - Confuse                        Hexes                        3
   c - Gell's Gravitas                Hexes/Translocation          3
   d - Petrify                        Transmutation/Earth          4
   e - Metabolic Englaciation         Hexes/Ice                    5
   f - Yara's Violent Unravelling     Hexes/Transmutation          5
   Trog disapproves of the use of such an item.
Miscellaneous
 H - a phial of floods
 I - a lightning rod (4/4)
Comestibles
 d - 10 bread rations
 e - 4 meat rations
 f - a fruit
 k - 7 royal jellies


   Skills:
 + Level 12.6(11.5) Fighting
 + Level 10.6(9.5) Axes
 + Level 12.1(10.9) Armour
 + Level 9.5(8.5) Dodging


You had 12 spell levels left.
You didn't know any spells.

Dungeon Overview and Level Annotations

Branches:
Dungeon (15/15)            Temple (1/1) D:6            Lair (0/6) D:10
    Orc (2/2) D:9             Elf (0/3) Orc:2
 Vaults: D:13-14     Depths: D:15

Altars:
Ashenzari
Dithmenos
Elyvilon
Gozag
Hepliaklqana
Makhleb
Nemelex Xobeh
Qazlal
Sif Muna
Trog

Shops:
D:5 ***}   D:14 [   Orc:1 (


Innate Abilities, Weirdness & Mutations

You are resistant to torment.
Your stone body is resilient. (AC +9)
You are immune to poison.
You resist negative energy. (rN+)
You are resistant to electric shocks. (rElec)
You can survive without breathing.
You are immune to petrification.
You are immune to rotting.
Your mind is acute. (Int +2)
You are frail. (-10% HP)
Your natural rate of healing is unusually fast.


Message History

The ice devil hits you but does no damage.
The orc sorcerer casts a spell at you. The bolt of negative energy hits you!
You partially resist.
You feel drained.
The ice devil hits you but does no damage.
The orc sorcerer hits you but does no damage.
The ice devil hits you but does no damage.
The orc sorcerer casts a spell at you. The bolt of fire hits you! You resist.
The ice devil hits you. The ice devil freezes you!
* * * LOW HITPOINT WARNING * * *
The orc sorcerer points at you and mumbles some strange words.
You resist with almost no effort.
The ice devil hits you but does no damage.
The orc sorcerer gestures at you while chanting.
The bolt of negative energy hits you! You partially resist.
You feel drained.
* * * LOW HITPOINT WARNING * * *
The ice devil hits you!
* * * LOW HITPOINT WARNING * * *
The ice devil freezes you!
You die...

##.##....#...................
#...##...............[)......
##...................[.....##
##..#...........(...........
#....#..#..................
##......#.........#........
##..#.#...................
#######o4...........#.... ####
##@................ ##..##
#.................
#....###...........#.....
####....#..................
##.#.#..................#...
#####...........................
##.#.#.....................<.#...
#..................[[[..)........
##...#.#............)............


You could see an ice devil and an orc sorcerer.

Vanquished Creatures
  An orc warlord (Orc:1)
  A stone giant (Orc:2)
  A dancing weapon (D:13)
  3 two-headed ogres
  Erica (D:9)
  3 orc high priests (Orc:2)
  An unseen horror (D:11)
  5 orc knights
  5 orc sorcerers
  2 cyclopes
  A manticore (D:13)
  A centaur zombie (D:12)
  6 trolls
  A queen bee (D:9)
  2 hippogriffs
  2 wraiths
  A shadow (D:11)
  2 yaks (D:11)
  A steam dragon (D:9)
  Grum (D:8)
  A hungry ghost (D:11)
  3 wargs
  A soldier ant (D:11)
  A water moccasin (D:7)
  27 orc warriors
  An eye of draining (D:11)
  5 sky beasts
  2 black bears
  An ice beast (D:5)
  2 wolves (D:8)
  18 ogres
  2 phantoms (D:11)
  2 centaurs (D:9)
  3 crocodiles
  4 big kobolds (D:9)
  Blork the orc (D:6)
  5 bullfrogs
  2 wyvern skeletons
  2 scorpions
  14 killer bees (D:9)
  9 howler monkeys
  3 electric eels
  4 crimson imps
  2 quasits
  A bullfrog zombie (D:6)
  7 hounds
  4 jellies
  3 centaur skeletons
  21 orc priests
  16 orc wizards
  3 iguanas
  8 worker ants
  A killer bee zombie (D:6)
  3 hound skeletons
  Robin (D:4)
  15 adders
  9 gnolls
  A shadow imp (D:8)
  An ooze (D:4)
  3 adder zombies
  3 worms
  6 dart slugs
  6 leopard geckos
  64 orcs
  3 ball pythons
  7 bats
  7 giant cockroaches
  17 goblins
  16 hobgoblins
  8 jackals
  3 quokkas
  5 frilled lizards
  11 kobolds
  A leopard gecko zombie (D:6)
  7 rats
  A fungus (D:1)
418 creatures vanquished.

Vanquished Creatures (others)
  An orc warrior (Orc:2)
1 creature vanquished.

Grand Total: 419 creatures vanquished

Notes
Turn   | Place    | Note
-------+----------+-------------------------------------------
     0 | D:1      | kuniqs the Gargoyle Berserker began the quest for the Orb.
     0 | D:1      | Reached XP level 1. HP: 14/14 MP: 1/1
   183 | D:1      | Reached XP level 2. HP: 19/19 MP: 2/2
   617 | D:1      | Reached XP level 3. HP: 19/24 MP: 3/3
   844 | D:1      | Reached ** piety under Trog
  1221 | D:2      | Reached XP level 4. HP: 29/29 MP: 4/4
  1350 | D:2      | Found a shattered altar of Ashenzari.
  1746 | D:2      | Found a burning altar of Makhleb.
  1763 | D:2      | Reached XP level 5. HP: 28/34 MP: 5/5
  2252 | D:3      | You fall through a shaft for 2 floors!
  2252 | D:5      | Entered Level 5 of the Dungeon
  2269 | D:5      | Reached *** piety under Trog
  2414 | D:4      | Noticed an ogre
  2426 | D:4      | Killed an ogre
  2426 | D:4      | Reached XP level 6. HP: 40/40 MP: 6/6
  2917 | D:4      | Reached skill level 5 in Fighting
  2933 | D:4      | Reached XP level 7. HP: 39/44 MP: 7/7
  2956 | D:4      | Found a hazy altar of Hepliaklqana.
  3132 | D:4      | Noticed Robin
  3160 | D:4      | Killed Robin
  3404 | D:4      | Reached skill level 5 in Armour
  3764 | D:4      | Found a deep blue altar of Sif Muna.
  3925 | D:5      | Reached XP level 8. HP: 38/51 MP: 8/8
  4038 | D:5      | Found Yhezegg's Gadget Boutique.
  4162 | D:5      | Reached **** piety under Trog
  4199 | D:5      | Found Boqo's Assorted Antiques.
  4527 | D:5      | Reached skill level 5 in Axes
  4826 | D:5      | Bought a scroll labeled IJOCEHISCHU for 22 gold pieces
  4826 | D:5      | Bought a bubbling coppery potion for 19 gold pieces
  4826 | D:5      | Bought a scroll labeled COAPHI USAH for 22 gold pieces
  4830 | D:5      | Gained mutation: Your mind is acute. (Int +2) [potion of mutation]
  4830 | D:5      | Gained mutation: Your natural rate of healing is unusually fast. [potion of mutation]
  4830 | D:5      | Gained mutation: You are frail. (-10% HP) [potion of mutation]
  4845 | D:5      | Found Jusy's Assorted Antiques.
  4852 | D:5      | Bought a silvery potion for 19 gold pieces
  4852 | D:5      | Bought a scroll labeled KOAPRU VUET for 22 gold pieces
  4867 | D:5      | Found Ziad's Assorted Antiques.
  4875 | D:5      | Bought a yellow potion for 21 gold pieces
  4875 | D:5      | Bought a scroll labeled GEOROOZILU for 24 gold pieces
  4927 | D:5      | Found a stormy altar of Qazlal.
  5504 | D:6      | Found a staircase to the Ecumenical Temple.
  5527 | D:6      | Reached XP level 9. HP: 51/51 MP: 9/9
  5628 | Temple   | Entered the Ecumenical Temple
  5678 | D:6      | Noticed Blork the orc
  5683 | D:6      | Killed Blork the orc
  5860 | D:6      | Reached skill level 5 in Dodging
  6974 | D:8      | Noticed a two-headed ogre
  6991 | D:8      | Killed a two-headed ogre
  7069 | D:8      | Reached XP level 10. HP: 51/57 MP: 10/10
  7219 | D:8      | Reached ***** piety under Trog
  7274 | D:8      | Found a sparkling altar of Nemelex Xobeh.
  7462 | D:8      | Noticed Grum
  7489 | D:8      | Killed Grum
  7799 | D:9      | Noticed Erica
  7809 | D:9      | Killed Erica
  8137 | D:9      | Noticed a two-headed ogre
  8157 | D:9      | Killed a two-headed ogre
  8351 | D:9      | Received a gift from Trog
  8423 | D:9      | Reached XP level 11. HP: 61/64 MP: 11/11
  8643 | D:9      | Found a staircase to the Orcish Mines.
  8650 | D:9      | Reached skill level 10 in Fighting
  8939 | D:10     | Entered Level 10 of the Dungeon
  9235 | D:10     | Found a staircase to the Lair.
  9448 | D:10     | Received a gift from Trog
 10017 | D:11     | Noticed a cyclops
 10023 | D:11     | Killed a cyclops
 10072 | D:11     | Noticed a two-headed ogre
 10090 | D:11     | Killed a two-headed ogre
 10090 | D:11     | Reached skill level 10 in Armour
 10316 | D:11     | Killed an unseen horror
 11090 | D:13     | Noticed an enchanted long sword
 11111 | D:13     | Killed an enchanted long sword
 11111 | D:13     | Reached XP level 12. HP: 72/72 MP: 12/12
 11317 | D:14     | Found Xoim's Armour Emporium.
 11329 | D:15     | Entered Level 15 of the Dungeon
 11497 | Orc:1    | Entered Level 1 of the Orcish Mines
 11800 | Orc:1    | Found Follec's Weapon Shoppe.
 11801 | Orc:1    | Found a bloodstained altar of Trog.
 12057 | Orc:2    | Entered Level 2 of the Orcish Mines
 12131 | Orc:2    | Noticed a stone giant
 12233 | Orc:2    | Killed a stone giant
 12406 | Orc:1    | Received a gift from Trog
 12412 | Orc:1    | Noticed a soul eater
 12413 | Orc:1    | Reached skill level 10 in Axes
 12532 | Orc:1    | Noticed an orc warlord
 12561 | Orc:1    | Killed an orc warlord
 13077 | Orc:2    | Found a staircase to the Elven Halls.
 13148 | Orc:2    | Paralysed by an orc sorcerer for 5 turns
 13152 | Orc:2    | Noticed a soul eater
 13155 | Orc:2    | Reached XP level 13. HP: 77/77 MP: 13/13
 13826 | Orc:2    | Paralysed by an orc sorcerer for 6 turns
 13831 | Orc:2    | Slain by an ice devil

Vault maps used:
D:1:      tarquinn_simple_flora_water_f
D:2:      makhleb_heckhound_becter, nicolae_overflow_crystal_walls,
          serial_bayou_lagoon_b
D:4:      old_standard_altar, led_sif_pool, uniq_robin
D:5:      kennysheep_mini_moat, first_bread, serial_shops,
          nicolae_shop_overgrown_old_shop, shop, shop,
          nicolae_shop_temple_entry_statues_fountains
D:6:      temple_pool_b, serial_bayou_pond_b, uniq_blork_the_orc
D:8:      cheibrodos_helix_gallery, nicolae_overflow_hidden_temple,
          hangedman_abyss_or_decor_slice, uniq_grum
D:9:      kennysheep_orc_monster_closet_entryway, david_nohive_1, uniq_erica
D:10:     lair_entry_dummy, minivault_22, eino_small_chamber_without_monster
D:12:     serial_shops, nicolae_shop_stone
D:13:     erik_vaults_1, nicolae_trove_entry_columns
D:14:     fedhas_altar_fruit_tree, basic_altar, serial_shops,
          nicolae_shop_stone, hangedman_aviary, uniq_snorg
D:15:     grunt_enter_depths_magical_seal, uniq_agnes
Temple:   nicolae_temple_elliptical
Orc:1:    serial_shops, nicolae_shop_stone, basic_altar, library_closet
Orc:2:    st_orc_elflike

Skill      XL: |  1  2  3  4  5  6  7  8  9 10 11 12 13 |
---------------+----------------------------------------+-----
Axes           | 3 4 5 6 8 9 10 | 10.6
Dodging        | 2 3 4 5 6 8 9 |  9.5
Fighting       | 4 5 7 8 9 11 12 | 12.6
Armour         | 3 4 5 6 7 9 10 11 12 | 12.1

Action                   |  1- 3 |  4- 6 |  7- 9 | 10-12 | 13-15 || total
-------------------------+-------+-------+-------+-------+-------++-------
Melee: Hand axe          |   148 |    29 |   271 |   337 |    66 ||   851
       Rapier            |       |   124 |   211 |       |       ||   335
       Whip              |       |       |    28 |   682 |       ||   710
       Scimitar          |       |       |       |    29 |       ||    29
       War axe           |       |       |       |       |   101 ||   101
       Battleaxe         |       |       |       |       |    12 ||    12
Invok: Berserk           |     3 |     3 |    10 |    19 |     5 ||    40
       Trog's Hand       |       |       |       |     3 |       ||     3
       Burn Spellbooks   |       |       |       |     1 |       ||     1
Evoke: Wand              |       |       |     1 |       |       ||     1
  Use: Scroll            |       |       |     7 |    13 |       ||    20
       Potion            |       |       |     4 |     1 |       ||     5
  Eat: Chunk             |     3 |     8 |    25 |    31 |     8 ||    75
       Royal jelly       |       |       |       |     7 |       ||     7
Armor: Animal skin       |    33 |       |       |       |       ||    33
       Ring mail         |    41 |    77 |   266 |   338 |       ||   722
       Chain mail        |       |       |       |    61 |    89 ||   150
Dodge: Dodged            |    91 |   103 |   366 |   671 |    94 ||  1325
       Rpst.: Scimitar   |       |       |       |     2 |       ||     2
